 Dungeon Crawl Stone Soup version 0.31-a0-229-g1fc7ce93e2 (webtiles) character file.

Game seed: 16528401113214592006

16 qw the Shooter (level 2, -1/16 HPs)
             Began as a Gargoyle Hexslinger on July 6, 2023.
             Slain by a worm (5 damage)
             ... on level 2 of the Dungeon.
             The game lasted 00:00:16 (1048 turns).

qw the Shooter (Gargoyle Hexslinger)                Turns: 1048, Time: 00:00:17

Health: -1/16      AC:  7    Str: 11    XL:     2   Next: 58%
Magic:  3/3        EV: 10    Int: 13    God:
Gold:   44         SH:  0    Dex: 12    Spells: 2/3 levels left

rFire   . . .        Y - +1 sling (flame)
rCold   . . .        (no shield)
rNeg    + . .        g - +0 ring mail
rPois   inf          (no helmet)
rElec   +            (no cloak)
rCorr   .            (no gloves)
SInv    .            (no boots)
Will    .....        (no amulet)
Stlth   +            (no ring)
HPRegen 0.22/turn    (no ring)
MPRegen 0.08/turn

%: no passive effects
@: no status effects
A: sickness immunity, AC +2, negative energy resistance 1, electricity
resistance, torment resistance 1, petrification resistance
a: no special abilities


You were on level 2 of the Dungeon.
You visited 1 branch of the dungeon, and saw 2 of its levels.

You collected 44 gold pieces.


Innate Abilities, Weirdness & Mutations

You are immune to sickness and miasma.
Your stone body is resilient. (AC +2)
You are immune to poison.
You resist negative energy. (rN+)
You are resistant to electric shocks. (rElec)
You are resistant to unholy torment.
You are immune to petrification.


   Skills:
 + Level 1.4 Fighting
 - Level 3.0 Ranged Weapons
 - Level 1.5 Dodging
 - Level 1.0 Spellcasting
 - Level 2.6 Hexes


You had 2 spell levels left.
You knew the following spells:

 Your Spells              Type           Power      Damage    Failure   Level
a - Slow                  Hex            28%        N/A       22%         1

Your spell library contained the following spells:

 Spells                   Type           Power      Damage    Failure   Level
 Inner Flame              Hex/Fire       4%         N/A       75%         3
 Portal Projectile        Hex/Tloc       8%         N/A       75%         3
 Cause Fear               Hex            3%         N/A       92%         4

Inventory:

Hand Weapons
 Y - a +1 sling of flaming (weapon)
Armour
 g - a +0 ring mail (worn)
Potions
 a - a potion of enlightenment {unknown}
 b - a potion of mutation {unknown}

Dungeon Overview and Level Annotations

Branches:
Dungeon (2/15)

Altars:


Message History

The sling bullet barely misses the adder.
A worm comes into view.
You shoot a sling bullet.
The sling bullet closely misses the adder.
The adder bites you but does no damage.
You shoot a sling bullet.
The sling bullet barely misses the adder.
The adder closely misses you. x2
You shoot a sling bullet. The sling bullet hits the adder.
The sling bullet burns the adder.
The adder is moderately wounded.
The adder bites you but does no damage. The adder closely misses you.
You shoot a sling bullet. The sling bullet misses the adder.
The adder completely misses you. The worm barely misses you.
The adder bites you but does no damage.
You shoot a sling bullet.
The sling bullet barely misses the adder.
The adder bites you. The worm bites you!
Ouch! That really hurt!
You shoot a sling bullet.
The sling bullet barely misses the adder.
The adder barely misses you. The adder bites you but does no damage.
You shoot a sling bullet. The sling bullet hits the adder.
The sling bullet burns the adder.
The adder is heavily wounded.
The adder completely misses you. The worm bites you but does no damage.
The adder barely misses you.
You shoot a sling bullet.
The sling bullet completely misses the adder.
The adder bites you but does no damage. The worm bites you.
The adder closely misses you.
You shoot a sling bullet.
The sling bullet closely misses the adder.
The adder barely misses you. The worm barely misses you.
The adder barely misses you.
You shoot a sling bullet. The sling bullet hits the adder.
The sling bullet burns the adder.
You kill the adder!
The worm bites you.
You die...

.###..#....(.#........#
........#.......#.#####
.......###.#####..###
......## ##.# #....##
.......# ## ###...####
......#. ##........#
........ ##..#......#
.....### #.#(...##..#
#.#.@#..# ..#
#.[.w%..#....#
#.#$#)#.......
#.......#.....# ##..
.#. #..#.# #..## ..
#...# #. .. #.. #. ..#
#.


You could see a worm.

Vanquished Creatures
  An adder (D:2)
  4 endoplasms
  A giant cockroach (D:1)
  A hobgoblin (D:1)
  A quokka (D:2)
  2 ball pythons (D:1)
  A bat (D:1)
  A frilled lizard (D:2)
  3 kobolds
  2 rats
17 creatures vanquished.

Notes
Turn   | Place    | Note
-------+----------+-------------------------------------------
     0 | D:1      | qw the Gargoyle Hexslinger began the quest for the Orb.
     0 | D:1      | Reached XP level 1. HP: 12/12 MP: 2/2
     0 | D:1      | 0 ||| qw: Version: 0.3-a-46-gb1f654a
     0 | D:1      | 0 ||| qw: Game counter: 1294
     0 | D:1      | 0 ||| qw: Melee chars always use a shield: true
     0 | D:1      | 0 ||| qw: God list: Okawaru
     0 | D:1      | 0 ||| qw: Allow faded altars: false
     0 | D:1      | 0 ||| qw: Do Orc after clearing Dungeon:15 true
     0 | D:1      | 0 ||| qw: Do second Lair branch before Depths: true
     0 | D:1      | 0 ||| qw: Lair rune preference: random
     0 | D:1      | 0 ||| qw: Goals: Normal
     0 | D:1      | 0 ||| PLANNING D:1-11
   479 | D:1      | Reached XP level 2. HP: 16/16 MP: 3/3
   855 | D:1      | 855 ||| UPGRADING to +0 ring mail.
   865 | D:1      | 865 ||| DROPPING +0 robe.
   866 | D:1      | 866 ||| READING scroll labelled IFIBIC WUONKOA.
   867 | D:1      | 867 ||| READING scroll labelled QIDEINNUTZE.
   868 | D:1      | 868 ||| READING scroll labelled LAARIM QEGEUNT.
   869 | D:1      | 869 ||| READING scroll labelled VYPPOR UCA QUG.
   874 | D:1      | 874 ||| DRINKING 3 lumpy amethyst potions.
   901 | D:1      | 901 ||| DROPPING scroll of poison.
   902 | D:1      | 902 ||| DROPPING 2 potions of lignification.
   975 | D:2      | Reached skill level 3 in Ranged Weapons
  1046 | D:2      | HP: 3/16 [worm (4)]
  1048 | D:2      | Slain by a worm

Levels and vault maps discovered:
D:1:      beargit_arrival_diablo_church, layout_basic
D:2:      layout_loops_ring, hangedman_decor_opposing,
          minmay_fractal_squares_gapless_5

Skill      XL: |  1  2 |
---------------+-------+-----
Ranged Weapons | 3 |  3.0
Fighting       | |  1.4
Dodging        | |  1.5
Spellcasting   | |  1.0
Hexes          | |  2.6

Action                     || total
---------------------------++-------
   Fire: Sling             ||    50
    Use: Scroll            ||     4
         Potion            ||     1
 Armour: Robe              ||     4
         Ring mail         ||     8
  Dodge: Dodged            ||    22

Table legend:
 A = Non-vault XP
 B = Vault XP
 C = Vault XP percentage of total XP
 D = Non-vault monster count
 E = Vault monster count
 F = Vault count percentage of total count
                 A         B        C        D         E       F
            +---------+---------+-------+---------+---------+-------
      Total |      37 |       0 |   0.0 |      17 |       0 |   0.0
            +---------+---------+-------+---------+---------+-------
        D:1 |      15 |       0 |   0.0 |      10 |       0 |   0.0
        D:2 |      22 |       0 |   0.0 |       7 |       0 |   0.0
            +---------+---------+-------+---------+---------+-------
